[Event "Team 45 45 League T35"]
[Site "Internet Chess Club"]
[Date "2007.11.11"]
[Round "4"]
[White "ddlj81"]
[Black "cillu"]
[Result "1-0"]
[WhiteElo "2055"]
[BlackElo "1982"]
[Opening "Sicilian: Taimanov variation"]
[ECO "B48"]
[Time "17:01:06"]
[TimeControl "2700+45"]

1. e4 c5 2. Nf3 e6 3. d4 cxd4 4. Nxd4 Nc6 5. Nc3 Qc7 6. Be3 a6 7. a3 Nf6 8. Be2
b5 9. Nxc6 dxc6 10. Bf3 Bd6 11. Qd2 Bb7 12. Rd1 Rd8 13. Qe2 O-O 14. Bg5 Be5 15.
Rxd8 Rxd8 16. g3 h6 17. Bxf6 Bxf6 18. Nd1 c5 19. c3 Qe5 20. O-O c4 21. Ne3 h5
22. Bg2 Rd3 23. f4 Qc5 24. Re1 Bd8 25. Kh1 Bb6 26. Nc2 Qf2 27. Qxf2 Bxf2 28. Re2
Rd1+ 29. Bf1 Rxf1+ 30. Kg2 Rb1 31. Kxf2 Rxb2 32. Ke3 Rb3 33. Kd4 Rb1 34. Kc5 Rd1
35. Kb6 Rd7 36. Nb4 Bc8 37. e5 Kf8 38. Nxa6 Rb7+ 39. Kc6 Ra7 40. Nc5 Rxa3 41.
Kc7 Ra8 42. Rd2 Ke7 43. Kb6 b4 44. cxb4 c3 45. Rc2 Ra3 46. b5 Bd7 47. Nxd7 Kxd7
48. Kc5 Rb3 49. Kc4 Rb2 50. Rxc3 Rxh2 51. Kc5 Kc7 52. b6+ Kb7 53. Kd6 Kxb6 54.
Ke7 Rh3 55. Kxf7 h4 56. Kxe6 Rxg3 57. Rc2 h3 58. Rh2 Kc7 59. Ke7 g5 60. f5 Re3
61. e6 g4 62. f6 g3 63. Rc2+ Kb6 64. f7 Rf3 65. Rc3 Rxc3 66. f8=Q h2 67. Qd8+
Kb5 68. Qd5+ Kb4 69. Kd6 Rc1 70. Qd2+ Rc3 71. e7 h1=Q 72. e8=Q Qb7 73. Qb2+ Rb3
74. Qe1+ Ka4 75. Qa2+ Ra3 76. Qc4+ {Black resigns} 1-0

[Event "Team 45 45 League T35"]
[Site "Internet Chess Club"]
[Date "2007.11.11"]
[Round "4"]
[White "Rainbird"]
[Black "Qui"]
[Result "0-1"]
[WhiteElo "1761"]
[BlackElo "2033"]
[Opening "Queen's pawn game"]
[ECO "D02"]
[Time "17:01:45"]
[TimeControl "2700+45"]

1. Nf3 d5 2. d4 g6 3. g3 Bg7 4. Bg2 Bf5 5. c4 c6 6. O-O dxc4 7. Nc3 Nf6 8. Re1
Ne4 9. e3 Na6 10. Nd2 Nxc3 11. bxc3 Bd3 12. Qa4 O-O 13. Nxc4 Nc7 14. Nd2 e5 15.
Bb2 Re8 16. Be4 exd4 17. exd4 Bxe4 18. Nxe4 Qd5 19. Qc2 Kh8 20. c4 Qf5 21. d5
cxd5 22. Bxg7+ Kxg7 23. Qb2+ f6 24. Nd6 Rxe1+ 25. Rxe1 Qd7 26. c5 b6 27. cxb6
Qxd6 28. bxc7 Qxc7 29. Re6 Rf8 30. Qd4 Qa5 31. a4 Rf7 32. Rd6 Qe1+ 33. Kg2 Qe4+
34. Qxe4 dxe4 35. Re6 f5 36. h4 Rc7 37. Ra6 Kh6 38. Kf1 Kh5 39. Kg2 Kg4 40. Ra5
Rc2 41. Re5 Ra2 42. a5 a6 43. Re7 Re2 44. h5 Kxh5 45. Rxh7+ Kg5 46. Re7 Kg4 47.
Re6 g5 48. Rxa6 e3 49. Re6 Rxf2+ 50. Kg1 f4 51. gxf4 gxf4 52. a6 Ra2 53. Kf1 Kf3
54. Kg1 e2 55. a7 Rxa7 {White resigns} 0-1

[Event "Team 45 45 League T35"]
[Site "Internet Chess Club"]
[Date "2007.11.11"]
[Round "4"]
[White "smitty120"]
[Black "Avedldesierto"]
[Result "0-1"]
[WhiteElo "1953"]
[BlackElo "1836"]
[Opening "Ruy Lopez: Cozio defense"]
[ECO "C60"]
[Time "12:09:05"]
[TimeControl "2700+45"]

1. e4 e5 2. Nf3 Nc6 3. Bb5 Nge7 4. c3 g6 5. d4 exd4 6. cxd4 Bg7 7. O-O O-O 8.
Nc3 a6 9. Be2 d6 10. Be3 d5 11. e5 f6 12. exf6 Bxf6 13. h3 Nf5 14. b3 Nxe3 15.
fxe3 Be6 16. Na4 Bf5 17. Nc5 Rb8 18. Rc1 Na7 19. Nd3 Qd6 20. Nde5 c6 21. Bd3 Bg7
22. Qe2 Rbe8 23. e4 Bxe4 24. Bxe4 dxe4 25. Qxe4 Nb5 26. Rfd1 Bh6 27. Rc2 Bf4 28.
a4 Bxe5 29. Nxe5 Nxd4 30. Rxd4 Qxe5 31. Qxe5 Rxe5 32. Rf2 Re1+ {White resigns}
0-1

[Event "Team 45 45 League T35"]
[Site "Internet Chess Club"]
[Date "2007.11.11"]
[Round "4"]
[White "DocHoliday"]
[Black "John3v16"]
[Result "0-1"]
[WhiteElo "1952"]
[BlackElo "1914"]
[Opening "Sicilian: closed"]
[ECO "B23"]
[Time "10:59:34"]
[TimeControl "2700+45"]

1. e4 c5 2. Nc3 e6 3. f4 a6 4. g3 b5 5. d3 Bb7 6. Bg2 Nf6 7. Nf3 d5 8. e5 d4 9.
Nxb5 axb5 10. exf6 Qxf6 11. O-O Bd6 12. f5 O-O 13. Bg5 Qxf5 14. Nxd4 Qxg5 15.
Bxb7 Ra7 16. Nxb5 Rxb7 17. Nxd6 Qe3+ 18. Kh1 Rd7 19. Nc4 Qh6 20. Qf3 Rd5 21.
Rae1 Nd7 22. Qf4 Qh3 23. Qf3 Qh6 24. a4 Rh5 25. Re2 Rf5 26. Qg2 Rd5 27. a5 Qg5
28. a6 Qd8 29. Ra1 Nb6 30. Nxb6 Qxb6 31. a7 Ra8 32. c4 Rdd8 33. b4 Rxa7 34. Rxa7
Qxa7 35. Ra2 Qd7 36. Ra8 cxb4 37. Rxd8+ Qxd8 38. Qb7 g6 39. Qxb4 Qxd3 40. Qb8+
Kg7 41. Qe5+ f6 42. Qc7+ Kf8 43. Kg2 Qe2+ 44. Kh3 Qf1+ 45. Kg4 Qf5+ 46. Kh4 Qh5#
{White checkmated} 0-1

[Event "Team 45 45 League T35"]
[Site "Internet Chess Club"]
[Date "2007.11.12"]
[Round "4"]
[White "hewdondada"]
[Black "Budzo"]
[Result "1-0"]
[WhiteElo "1836"]
[BlackElo "1759"]
[Opening "QGD semi-Slav"]
[ECO "D43"]
[Time "18:55:49"]
[TimeControl "2700+45"]

1. d4 d5 2. c4 c6 3. Nf3 Nf6 4. Nc3 e6 5. cxd5 exd5 6. Bg5 Be6 7. Qc2 Nbd7 8. e3
Be7 9. Bd3 O-O 10. O-O Rc8 11. Qa4 Qb6 12. Rab1 c5 13. Qc2 c4 14. Bxh7+ Kh8 15.
Bf5 Bxf5 16. Qxf5 Qe6 17. Qxe6 fxe6 18. Ne5 Rfe8 19. f4 Bb4 20. Rf3 a6 21. Nd1
Nxe5 22. Rh3+ Kg8 23. dxe5 Ne4 24. Nf2 Nxg5 25. fxg5 Rf8 26. Rf3 Bc5 27. Ng4 Rf7
28. g6 Rf5 29. Kf2 Rcf8 30. h4 Rf4 31. Rxf4 Rxf4+ 32. Kg3 Re4 33. Re1 b5 34. Kf3
b4 35. g3 c3 36. bxc3 bxc3 37. Re2 Rc4 38. Rc2 Ba3 39. Nf2 Bb2 40. Nd3 a5 41.
Nxb2 cxb2 42. Rxb2 Kf8 43. Rb8+ Ke7 44. Rb7+ Kf8 45. Rf7+ Kg8 46. Re7 {Black
resigns} 1-0

[Event "Team 45 45 League T35"]
[Site "Internet Chess Club"]
[Date "2007.11.12"]
[Round "4"]
[White "GrandPoobah069"]
[Black "ExpertLevel"]
[Result "1/2-1/2"]
[WhiteElo "1784"]
[BlackElo "1802"]
[Opening "Sicilian: Alapin's variation (2.c3)"]
[ECO "B22"]
[Time "19:06:01"]
[TimeControl "2700+45"]

1. e4 c5 2. c3 d5 3. exd5 Qxd5 4. d4 g6 5. Nf3 Bg7 6. Be3 cxd4 7. cxd4 Nc6 8.
Nc3 Qd8 9. Bc4 e6 10. O-O Nf6 11. Qd2 O-O 12. Bh6 a6 13. Bxg7 Kxg7 14. Rfd1 b5
15. d5 Na5 16. Be2 exd5 17. Nxd5 Nxd5 18. Qd4+ Qf6 19. Qxd5 Be6 20. Qd4 Qxd4 21.
Nxd4 Bc4 22. Bf3 Rab8 23. b4 Nb7 24. Nc6 Rbe8 25. Rd7 Nd8 26. Nxd8 Rxd8 27. Rad1
Rxd7 28. Rxd7 Re8 29. h3 Re1+ 30. Kh2 Ra1 31. Ra7 Rxa2 32. Kg3 Ra4 33. Bc6 Rxb4
34. Rxa6 Rb3+ 35. Kf4 Rb2 36. Ke3 b4 37. Rb6 Be6 38. Be4 b3 39. f4 Ra2 40. Kd3
Rc2 41. Ke3 Ra2 42. Kd4 Ra4+ 43. Ke3 Rc4 44. Kd3 f5 45. Rxe6 Rxe4 46. Rb6 Rxf4
47. Ke3 Re4+ 48. Kf3 Re7 49. Rxb3 h6 50. g3 g5 51. Rb4 Kf6 52. Rb6+ Re6 53. Rb5
h5 54. Rb4 Rc6 55. Rb3 g4+ 56. hxg4 hxg4+ 57. Ke3 Re6+ 58. Kf2 Rd6 59. Ke3 Kg5
60. Rb5 Rc6 61. Rb3 Rc4 62. Ra3 Re4+ 63. Kf2 Rb4 64. Ke3 Rb1 65. Rd3 Rf1 66. Ke2
Ra1 67. Ke3 Ra2 68. Rd8 Ra3+ 69. Kf2 Rf3+ 70. Kg2 Ra3 71. Rg8+ Kf6 72. Rf8+ Kg6
73. Rg8+ Kf7 74. Rb8 Ra2+ 75. Kg1 Ra5 76. Rb6 Re5 77. Kf2 Ke7 78. Ra6 Re6 79.
Ra5 Rf6 80. Ke3 Kf7 81. Kf4 Kg6 82. Ra8 Re6 83. Ra4 Kf6 84. Rb4 Rc6 85. Ra4 Rd6
86. Rb4 {Game drawn by mutual agreement} 1/2-1/2

[Event "Team 45 45 League T35"]
[Site "Internet Chess Club"]
[Date "2007.11.09"]
[Round "4"]
[White "RD1974"]
[Black "BraafPaard"]
[Result "1-0"]
[WhiteElo "1644"]
[BlackElo "1562"]
[Opening "Richter-Veresov attack"]
[ECO "D01"]
[Time "18:39:20"]
[TimeControl "2700+45"]

1. d4 d5 2. Nc3 Nf6 3. Bg5 e6 4. Qd3 b6 5. O-O-O c5 6. e4 c4 7. Qf3 Be7 8. exd5
Bb7 9. Bxc4 Nxd5 10. Bxe7 Qxe7 11. Nxd5 Bxd5 12. Bxd5 Qg5+ 13. Kb1 Qxd5 14. Qxd5
exd5 15. Re1+ Kd7 16. Nf3 f6 17. Re3 Nc6 18. Rhe1 Rae8 19. c3 Ne7 20. Kc2 Nf5
21. Rxe8 Rxe8 22. Rxe8 Kxe8 23. Kb3 Nd6 24. Kb4 g5 25. Nd2 Kd7 26. c4 a5+ 27.
Kc3 Kc6 28. f3 dxc4 29. Nxc4 Nxc4 30. Kxc4 b5+ 31. Kd3 Kd5 32. b3 f5 33. g4 f4
34. Kc3 Kd6 35. b4 a4 36. a3 Kc6 37. Kd2 Kd5 38. Kd3 Ke6 39. Ke4 Kf6 40. Kd5 h5
41. h3 {Black resigns} 1-0

[Event "Team 45 45 League T35"]
[Site "Internet Chess Club"]
[Date "2007.11.10"]
[Round "4"]
[White "chickenhead"]
[Black "Boromir"]
[Result "0-1"]
[WhiteElo "1881"]
[BlackElo "1984"]
[Opening "English: three knights system"]
[ECO "A27"]
[Time "14:31:49"]
[TimeControl "2700+45"]

1. c4 e5 2. Nc3 Nc6 3. Nf3 f5 4. d3 Nf6 5. Bg5 Bb4 6. g3 h6 7. Bxf6 Qxf6 8. Rc1
e4 9. dxe4 fxe4 10. Nd2 e3 11. fxe3 O-O 12. Nf3 d6 13. Bg2 Bg4 14. O-O Bc5 15.
Nd4 Qe5 16. Qd3 Nxd4 17. exd4 Bxd4+ 18. Kh1 c6 19. Bf3 Bf5 20. e4 Bh3 21. Bg2
Bg4 22. Bf3 Bxf3+ 23. Rxf3 Rxf3 24. Qxf3 Rf8 25. Qd3 Rf2 26. Rc2 Qf6 27. Rc1
Rxb2 28. Nd1 Rxa2 29. Ne3 Bxe3 30. Qxe3 Qb2 31. Qg1 Qe2 {White resigns} 0-1

[Event "Team 45 45 League T35"]
[Site "Internet Chess Club"]
[Date "2007.11.10"]
[Round "4"]
[White "ivanson"]
[Black "VanillaQueen"]
[Result "1-0"]
[WhiteElo "1872"]
[BlackElo "1856"]
[Opening "Scandinavian (center counter) defense"]
[ECO "B01"]
[Time "15:01:52"]
[TimeControl "2700+45"]

1. e4 d5 2. exd5 Qxd5 3. Nc3 Qa5 4. d4 c6 5. Nf3 Nf6 6. Bc4 Bf5 7. Bd2 e6 8. Nd5
Qd8 9. Nxf6+ gxf6 10. Bb3 Be4 11. Qe2 f5 12. O-O-O Bxf3 13. Qxf3 Bg7 14. Bb4 Qc7
15. Rhe1 Na6 16. Bxe6 Kd8 17. Bd2 fxe6 18. Rxe6 Qf7 19. Bg5+ Kc8 20. Re7 Qg6 21.
Qe3 h5 22. d5 Bh6 23. Bxh6 Qxh6 24. Qxh6 Rxh6 25. Re8+ Kc7 26. Rxa8 Nb4 27. d6+
Kd7 28. Rxa7 Na6 29. Rxb7+ Kd8 30. d7 Nc5 31. Rb8+ {Black resigns} 1-0

[Event "Team 45 45 League T35"]
[Site "Internet Chess Club"]
[Date "2007.11.10"]
[Round "4"]
[White "Lazerpawn"]
[Black "JeCrainsDegun"]
[Result "1-0"]
[WhiteElo "1699"]
[BlackElo "1673"]
[Opening "King's knight's gambit"]
[ECO "C38"]
[Time "10:01:58"]
[TimeControl "2700+45"]

1. e4 e5 2. f4 exf4 3. Nf3 g5 4. Bc4 Bg7 5. d4 d6 6. O-O h6 7. c3 Nc6 8. Re1
Nge7 9. Nbd2 Ng6 10. Qe2 g4 11. e5 gxf3 12. Nxf3 d5 13. Bd3 Be6 14. Qf2 Qd7 15.
b4 Bf5 16. Bf1 h5 17. Ng5 Bh6 18. Nf3 O-O-O 19. a4 Rhf8 20. a5 f6 21. b5 Nb8 22.
Ba3 Rf7 23. Rec1 Bf8 24. b6 a6 25. bxc7 Kxc7 26. c4 Bxa3 27. cxd5+ Bxc1 28. d6+
Kc8 29. Rxc1+ Nc6 30. d5 Nxe5 31. Nxe5 fxe5 32. Bxa6 Qxd6 33. Rxc6+ Kb8 34. Rxd6
Rxd6 35. Bc4 Rc7 36. Qe2 e4 37. h3 Bg6 38. Qa2 e3 39. Qb3 Ka7 40. Qb4 Rcd7 41.
Qc5+ Kb8 42. Qb4 e2 43. Kf2 h4 44. Kxe2 Bh5+ 45. Kf2 Bf7 46. Bb5 Rd8 47. Bc6
R8d7 48. Bxd7 Rxd7 49. Qf8+ Ka7 50. Qc5+ Kb8 51. d6 {Black resigns} 1-0

[Event "Team 45 45 League T35"]
[Site "Internet Chess Club"]
[Date "2007.11.10"]
[Round "4"]
[White "nanning"]
[Black "GolfSuper"]
[Result "1-0"]
[WhiteElo "1503"]
[BlackElo "1623"]
[Opening "Sicilian: Najdorf, 6.f4"]
[ECO "B93"]
[Time "10:29:23"]
[TimeControl "2700+45"]

1. e4 c5 2. Nf3 d6 3. d4 cxd4 4. Nxd4 Nf6 5. Nc3 a6 6. f4 e6 7. Be2 b5 8. Be3 b4
9. Na4 Nxe4 10. Nb3 Qh4+ 11. Kf1 Ng3+ 12. Kg1 Nxh1 13. Kxh1 Nc6 14. Nb6 Rb8 15.
Nxc8 Rxc8 16. Bxa6 Rb8 17. Qf3 d5 18. f5 Bd6 19. g3 Qf6 20. Bc5 Bxc5 21. Nxc5
Qxb2 22. Rf1 Nd4 23. Qf4 Rd8 24. fxe6 f6 25. e7 Ra8 26. Bb7 Rxa2 27. Qb8+ Kxe7
28. Re1+ Kf7 29. Bxd5+ Kg6 30. Be4+ Nf5 31. Qxh8 Ra1 32. Qe8+ Kg5 33. Bxf5 Rxe1+
34. Qxe1 Kxf5 35. Qe4+ Kg5 36. Qxh7 Qc1+ 37. Kg2 Qd2+ 38. Kh3 Qd5 39. Ne4+
{Black resigns} 1-0

[Event "Team 45 45 League T35"]
[Site "Internet Chess Club"]
[Date "2007.11.13"]
[Round "4"]
[White "valipop"]
[Black "fledermaus"]
[Result "1-0"]
[WhiteElo "2097"]
[BlackElo "1992"]
[Opening "Sicilian: Scheveningen variation"]
[ECO "B80"]
[Time "14:12:02"]
[TimeControl "2700+45"]

1. e4 c5 2. Nf3 e6 3. d4 cxd4 4. Nxd4 Nf6 5. Nc3 d6 6. Be3 Be7 7. Be2 O-O 8. Qd2
Nc6 9. O-O-O a6 10. f4 Qc7 11. g4 Nxd4 12. Qxd4 e5 13. Qd3 d5 14. exd5 exf4 15.
Bd4 Rd8 16. Bf3 Ne8 17. Na4 b5 18. Bb6 Qd6 19. Bxd8 Bxd8 20. Nc3 Bb7 21. Ne4 Qb4
22. a3 Qf8 23. d6 Rb8 24. Nc5 Bxf3 25. Qxf3 Nf6 26. g5 Bb6 27. Nxa6 Ra8 28. Nc7
Bxc7 29. dxc7 Nh5 30. Qxa8 {Black resigns} 1-0

[Event "Team 45 45 League T35"]
[Site "Internet Chess Club"]
[Date "2007.11.12"]
[Round "4"]
[White "EdBorowski"]
[Black "Terte"]
[Result "1/2-1/2"]
[WhiteElo "2001"]
[BlackElo "2115"]
[Opening "Dutch"]
[ECO "A80"]
[Time "14:00:07"]
[TimeControl "2700+45"]

1. d4 f5 2. Nf3 Nf6 3. Bf4 e6 4. e3 d5 5. Nbd2 Bd6 6. Bxd6 Qxd6 7. c4 c6 8. Ne5
Nbd7 9. f4 O-O 10. c5 Qe7 11. Be2 Nxe5 12. fxe5 Ne4 13. O-O Bd7 14. Nxe4 dxe4
15. b4 b5 16. Qe1 Qg5 17. Qg3 Qh6 18. h4 Kh8 19. Qg5 Qxg5 20. hxg5 g6 21. g3 Kg7
22. Kg2 Rh8 23. a4 a6 24. Rh1 Rhb8 25. a5 Rh8 26. Rh6 Raf8 27. Rf1 Rd8 28. Rf4
Be8 29. Bd1 Bf7 30. Bb3 Rhe8 31. Rh1 Rf8 32. Rfh4 Rh8 33. Bc2 Rde8 34. Rf4 Ref8
35. Rh6 Re8 36. Bb3 Rhf8 37. Rfh4 Rh8 38. Rf4 Rhf8 39. Rfh4 {Game drawn by
mutual agreement} 1/2-1/2

[Event "Team 45 45 League T35"]
[Site "Internet Chess Club"]
[Date "2007.11.10"]
[Round "4"]
[White "andreip"]
[Black "Flying-Tiger"]
[Result "1/2-1/2"]
[WhiteElo "2082"]
[BlackElo "2056"]
[Opening "Sicilian: accelerated fianchetto, exchange variation"]
[ECO "B34"]
[Time "09:03:34"]
[TimeControl "2700+45"]

1. e4 c5 2. Nf3 g6 3. d4 cxd4 4. Nxd4 Nc6 5. Nxc6 bxc6 6. Bc4 Bg7 7. O-O d6 8.
Nd2 d5 9. exd5 cxd5 10. Bb3 Nf6 11. Nf3 O-O 12. Be3 a5 13. a4 Be6 14. Re1 Qc7
15. Nd4 Ng4 16. g3 Nxe3 17. Nxe6 fxe6 18. Rxe3 Qb6 19. Rxe6 Qxf2+ 20. Kh1 Rad8
21. Bxd5 Kh8 22. c4 Qxb2 23. Rb1 Qa2 24. Re2 Qa3 25. Qb3 Qd6 26. Re6 Rb8 27.
Rxd6 Rxb3 28. Rxb3 exd6 {Game drawn by mutual agreement} 1/2-1/2

[Event "Team 45 45 League T35"]
[Site "Internet Chess Club"]
[Date "2007.11.12"]
[Round "4"]
[White "Wheels"]
[Black "viking99"]
[Result "1-0"]
[WhiteElo "1870"]
[BlackElo "1853"]
[Opening "Grünfeld: exchange variation"]
[ECO "D85"]
[Time "20:06:15"]
[TimeControl "2700+45"]

1. d4 Nf6 2. c4 g6 3. Nc3 d5 4. cxd5 Nxd5 5. e4 Nxc3 6. bxc3 Bg7 7. Be3 c5 8.
Nf3 Qa5 9. Qd2 Nc6 10. Rc1 Bg4 11. d5 Bxf3 12. gxf3 Ne5 13. Be2 O-O 14. f4 Nd7
15. e5 Rad8 16. c4 Qc7 17. h4 h5 18. Qc2 Rfe8 19. e6 fxe6 20. Qxg6 Nf8 21. Qg3
exd5 22. Bxh5 d4 23. Bd2 e5 24. Bxe8 Rxe8 25. f5 Qc6 26. Rg1 Qe4+ 27. Kf1 Re7
28. f6 Rf7 29. Bh6 Ne6 30. Bxg7 Nxg7 31. fxg7 d3 32. Re1 Qxc4 33. Qg4 Rxf2+ 34.
Kxf2 Qxa2+ 35. Kf1 Qf7+ 36. Kg2 Qd5+ 37. Qf3 Qa2+ 38. Kh1 {Black forfeits on
time} 1-0

[Event "Team 45 45 League T35"]
[Site "Internet Chess Club"]
[Date "2007.11.12"]
[Round "4"]
[White "ChessYogi"]
[Black "eurander"]
[Result "0-1"]
[WhiteElo "2032"]
[BlackElo "2150"]
[Opening "Caro-Kann: advance variation"]
[ECO "B12"]
[Time "13:05:59"]
[TimeControl "2700+45"]

1. e4 c6 2. d4 d5 3. e5 Bf5 4. Nf3 e6 5. Be2 Nd7 6. Nbd2 Bg6 7. O-O Nh6 8. Re1
Be7 9. h3 Nf5 10. c3 O-O 11. g4 Nh4 12. Nh2 f6 13. exf6 Bxf6 14. f4 Be7 15. Ndf3
Bd6 16. Ne5 Nxe5 17. fxe5 Be7 18. Be3 Be4 19. Qd2 Bg2 20. Bf1 Nf3+ 21. Nxf3 Bxf3
22. Bg2 Qa5 23. a3 Qb5 24. Rf1 Be2 25. Rfe1 Bc4 26. Bf1 Rf7 27. Bxc4 Qxc4 28.
Qe2 Qxe2 29. Rxe2 Raf8 30. Rd1 Rf3 31. Kg2 Bh4 32. Kh2 Bf2 33. Bc1 Bg3+ 34. Kg2
Bh4 35. Kh2 R8f7 36. Be3 Bf2 37. Bc1 Bg3+ 38. Kg2 Bh4 39. Kh2 Kf8 40. Be3 Bf2
41. Bd2 Bg3+ 42. Kg2 Bh4 43. Kh2 Ke8 44. Be3 Bf2 45. Bd2 Bg3+ 46. Kg2 Bh4 47.
Kh2 Rf2+ 48. Rxf2 Rxf2+ 49. Kg1 Rf3 50. Kg2 Rd3 51. Kf1 Rxh3 52. g5 Rh1+ {White
resigns} 0-1

[Event "Team 45 45 League T35"]
[Site "Internet Chess Club"]
[Date "2007.11.09"]
[Round "4"]
[White "Squeaker"]
[Black "OrangeKing"]
[Result "0-1"]
[WhiteElo "2004"]
[BlackElo "1634"]
[Opening "Queen's bishop game"]
[ECO "D02"]
[Time "20:06:17"]
[TimeControl "2700+45"]

1. d4 d5 2. Nf3 Nf6 3. Bf4 g6 4. h4 Bg4 5. Nc3 Nbd7 6. Nb5 e5 7. dxe5 Nh5 8. Bg5
Be7 9. Bxe7 Qxe7 10. Nxc7+ Kf8 11. Nxa8 Bxf3 12. exf3 Qxe5+ 13. Be2 Kg7 14. O-O
Rxa8 15. Bb5 Nb6 16. Re1 Qf4 17. g3 Nxg3 18. fxg3 Qxg3+ 19. Kf1 Qxh4 20. Qe2
Qh1+ 21. Kf2 Qh2+ 22. Ke3 Nc4+ 23. Kd3 Qc7 24. Bxc4 dxc4+ 25. Kd2 Rd8+ 26. Kc1
Qd7 27. Rd1 Qc7 28. Rxd8 Qxd8 29. Qxc4 Qg5+ 30. Kd1 Qg1+ 31. Kd2 Qxa1 32. Qd4+
Kg8 33. Qd8+ Kg7 34. Qd4+ Kg8 35. a4 Qh1 36. Qg4 h5 37. Qc8+ Kg7 38. Qxb7 Qg2+
39. Ke3 h4 40. Qxa7 Qg1+ 41. Ke4 Qxa7 42. b3 h3 43. c4 h2 44. a5 h1=Q 45. c5
Qxc5 46. a6 f5+ 47. Kd3 Qd1# {White checkmated} 0-1

[Event "Team 45 45 League T35"]
[Site "Internet Chess Club"]
[Date "2007.11.11"]
[Round "4"]
[White "Bedouksofhazzar"]
[Black "rubo"]
[Result "1-0"]
[WhiteElo "1758"]
[BlackElo "1701"]
[Opening "Caro-Kann: exchange, Rubinstein variation"]
[ECO "B13"]
[Time "20:44:47"]
[TimeControl "2700+45"]

1. e4 c6 2. d4 d5 3. exd5 cxd5 4. Bd3 Nc6 5. c3 Nf6 6. Bf4 Bg4 7. Qb3 Qc8 8. Nd2
e6 9. Ngf3 Be7 10. O-O O-O 11. Ne5 Bh5 12. Qc2 Bg6 13. Nxg6 fxg6 14. Rae1 Qd7
15. Nf3 Ne4 16. Ne5 Nxe5 17. Bxe5 Nd6 18. Re3 Nf7 19. Rh3 Nxe5 20. dxe5 Qe8 21.
Qe2 a6 22. Rxh7 Bg5 23. Rh3 b5 24. Qg4 Qe7 25. Bxg6 Bh6 26. Bb1 Rf4 27. Qg6 Kf8
28. Rxh6 gxh6 29. Qxh6+ Qg7 30. Qxf4+ Ke7 31. Qf6+ Qxf6 32. exf6+ Kxf6 33. f4
Rh8 34. h3 Rh4 35. Kh2 e5 36. g3 Rh6 37. fxe5+ Kxe5 38. g4 a5 39. Kg3 b4 40.
cxb4 axb4 41. g5 Rh8 42. g6 d4 43. h4 Kd5 44. g7 Rg8 45. Rf7 Kc4 46. Rc7+ Kd5
47. Bh7 {Black resigns} 1-0

[Event "Team 45 45 League T35"]
[Site "Internet Chess Club"]
[Date "2007.11.11"]
[Round "4"]
[White "Steinwitz"]
[Black "PrincessChess"]
[Result "0-1"]
[WhiteElo "1707"]
[BlackElo "1806"]
[Opening "Ruy Lopez: Bird's defense"]
[ECO "C61"]
[Time "15:00:26"]
[TimeControl "2700+45"]

1. e4 e5 2. Nf3 Nc6 3. Bb5 Nd4 4. Bc4 Nxf3+ 5. Qxf3 Qf6 6. Qb3 Bc5 7. O-O c6 8.
Nc3 Qg6 9. Ne2 Ne7 10. Ng3 O-O 11. Be2 d6 12. Qf3 f5 13. Qh5 Qxh5 14. Bxh5 g6
15. Bd1 f4 16. Ne2 f3 17. Ng3 fxg2 18. Kxg2 Be6 19. d3 Kg7 20. Be2 Bd4 21. c3
Bb6 22. Bd2 Rad8 23. f4 exf4 24. Bxf4 d5 25. Be5+ Kg8 26. Bf6 Rd7 27. e5 Nc8 28.
d4 Bd8 29. Bxd8 Rdxd8 30. Bd3 Ne7 31. Rae1 Kg7 32. Re2 Rxf1 33. Kxf1 Rf8+ 34.
Rf2 Rxf2+ 35. Kxf2 Nc8 36. Kf3 Nb6 37. b3 Nd7 38. Nf1 g5 39. Ne3 h5 40. Bf5 Nf8
41. Bxe6 Nxe6 42. c4 Nxd4+ 43. Kf2 dxc4 44. Nxc4 c5 45. Ke3 b6 46. Nd6 a6 47.
Ke4 Kg6 48. Kd5 g4 49. e6 Kf6 50. e7 Kxe7 51. Nc8+ Kf6 52. Nxb6 h4 53. Nc4 Nf3
54. Kxc5 Nxh2 55. Ne3 g3 56. b4 h3 57. a4 g2 58. b5 axb5 59. axb5 g1=Q 60. Kd4
Ng4 {White resigns} 0-1

[Event "Team 45 45 League T35"]
[Site "Internet Chess Club"]
[Date "2007.11.17"]
[Round "4"]
[White "parrot9"]
[Black "Lazerpawn"]
[Result "0-1"]
[WhiteElo "1660"]
[BlackElo "1714"]
[Opening "French: Alapin variation"]
[ECO "C01"]
[Time "09:24:14"]
[TimeControl "2700+45"]

1. e4 e6 2. d4 d5 3. Be3 dxe4 4. Nd2 Nf6 5. f3 exf3 6. Ngxf3 Bd6 7. Bd3 Nc6 8.
c3 Bd7 9. O-O Ne7 10. Qe2 Ned5 11. Rae1 Qe7 12. a3 h6 13. c4 Nxe3 14. Qxe3 c6
15. Bc2 Ng4 16. Qd3 O-O-O 17. b4 h5 18. b5 h4 19. bxc6 Bxc6 20. d5 Bc5+ 21. Nd4
Qc7 22. Nf3 exd5 23. Qf5+ Bd7 24. Qxf7 Bxd4+ 25. Kh1 Rdf8 26. Qxd5 Rxf3 {White
resigns} 0-1

[Event "Team 45 45 League T35"]
[Site "Internet Chess Club"]
[Date "2007.11.10"]
[Round "4"]
[White "Chessadelic"]
[Black "OldBoy"]
[Result "1-0"]
[WhiteElo "1604"]
[BlackElo "1539"]
[Opening "Bird's opening"]
[ECO "A03"]
[Time "10:34:57"]
[TimeControl "2700+45"]

1. f4 d5 2. Nf3 e6 3. e3 Nd7 4. Be2 Ngf6 5. d3 b6 6. O-O Bb7 7. Qe1 Bd6 8. Bd2
Qe7 9. Qg3 O-O-O 10. Nc3 h5 11. Nb5 Kb8 12. Nxd6 cxd6 13. a4 Rdg8 14. b4 Rh6 15.
a5 Nh7 16. b5 f6 17. a6 Ba8 18. d4 g5 19. Qe1 gxf4 20. exf4 Rhg6 21. Nh4 R6g7
22. Bxh5 e5 23. c3 f5 24. fxe5 dxe5 25. Bh6 f4 26. Bxg7 Qxg7 27. dxe5 d4 28. Ra2
f3 29. Bxf3 Bxf3 30. Nxf3 dxc3 31. Qxc3 Nc5 32. Qe3 Nf8 33. Nd4 Nfe6 34. Nc6+
Ka8 35. Qf3 Rf8 36. Qd5 Nc7 37. Raf2 Rxf2 38. Qd8# {Black checkmated} 1-0

[Event "Team 45 45 League T35"]
[Site "Internet Chess Club"]
[Date "2007.11.10"]
[Round "4"]
[White "Russellovich"]
[Black "tryanything"]
[Result "1-0"]
[WhiteElo "1727"]
[BlackElo "1645"]
[Opening "Two knights defense"]
[ECO "C56"]
[Time "15:05:44"]
[TimeControl "2700+45"]

1. e4 e5 2. Nf3 Nc6 3. d4 exd4 4. Bc4 Nf6 5. O-O Nxe4 6. Re1 d5 7. Bxd5 Qxd5 8.
Nc3 Qa5 9. Nxe4 Be6 10. Bg5 h6 11. Bh4 g5 12. Bg3 O-O-O 13. a3 Bg7 14. b4 Qd5
15. Rc1 a6 16. Nc5 Qf5 17. Rxe6 fxe6 18. Qe2 Rhe8 19. Nxa6 e5 20. Nc5 e4 21. Qb5
Qxc5 22. bxc5 exf3 23. Rb1 Kd7 24. Qxb7 Rb8 25. Qxc7+ {Black resigns} 1-0

[Event "Team 45 45 League T35"]
[Site "Internet Chess Club"]
[Date "2007.11.11"]
[Round "4"]
[White "thalamus"]
[Black "rkaebi"]
[Result "1-0"]
[WhiteElo "1461"]
[BlackElo "1385"]
[Opening "French: Alapin variation"]
[ECO "C01"]
[Time "13:07:43"]
[TimeControl "2700+45"]

1. e4 e6 2. d4 d5 3. Be3 Nf6 4. Nd2 dxe4 5. f3 exf3 6. Ngxf3 Be7 7. Bd3 Nd5 8.
Qe2 Nxe3 9. Qxe3 Nc6 10. O-O-O Nb4 11. Bc4 Nd5 12. Qf2 c6 13. Ne5 f6 14. Ng4 b5
15. Be2 Qa5 16. Rhf1 Qxa2 17. Nb1 f5 18. h4 Ba6 19. Ne5 b4 20. Nxc6 Bxe2 21.
Qxe2 Nc7 22. Rd3 Qa6 23. Qf3 Rc8 24. Rb3 Nd5 25. Nxe7 Kxe7 26. Re1 Rhf8 27. Qg3
g6 28. Qe5 Qc6 29. c3 bxc3 30. bxc3 Rf6 31. Qg3 h6 32. h5 g5 33. Qe5 Nf4 34. Qe3
Nxg2 35. d5 Qxd5 36. Qxa7+ Kd8 37. Rd1 {Black resigns} 1-0

[Event "Team 45 45 League T35"]
[Site "Internet Chess Club"]
[Date "2007.11.11"]
[Round "4"]
[White "nanning"]
[Black "Budzo"]
[Result "0-1"]
[WhiteElo "1497"]
[BlackElo "1778"]
[Opening "French: Réti (Spielmann) variation"]
[ECO "C00"]
[Time "10:01:35"]
[TimeControl "2700+45"]

1. e4 e6 2. b3 b6 3. Bb2 Bb7 4. Nc3 c5 5. Nf3 Nc6 6. d4 cxd4 7. Nxd4 Nxd4 8.
Qxd4 Nf6 9. f3 Bc5 10. Qd3 O-O 11. O-O-O Qc7 12. Kb1 a6 13. Na4 Be7 14. g4 d5
15. e5 Nd7 16. f4 b5 17. Nc3 Nc5 18. Nxb5 axb5 19. Qxb5 Ne4 20. Qe2 Ba3 21. Qe3
Bxb2 22. Kxb2 Rfc8 23. Bd3 Qc3+ 24. Kb1 Rxa2 {White resigns} 0-1